 Dungeon Crawl Stone Soup version 0.19.0-26-g9e9c210 (webtiles) character file.

175 HAWKINGL3623 the Covered (level 5, -5/33 HPs)
             Began as a Gargoyle Fighter on Nov 23, 2016.
             Was an Initiate of Nemelex Xobeh.
             Killed by divine providence
             ... invoked by an orc priest
              (15 damage)
             ... on level 3 of the Dungeon.
             The game lasted 00:13:06 (1955 turns).

HAWKINGL3623 the Covered (Gargoyle Fighter)         Turns: 1955, Time: 00:13:11

Health: -5/33      AC: 11    Str: 23 (24) XL:     5   Next: 55%
Magic:  5/5        EV:  8    Int:  9      God:    Nemelex Xobeh [......]
Gold:   83         SH:  9    Dex: 10      Spells: 0 memorised, 4 levels left

rFire  . . .     SeeInvis .     a - +0 flail
rCold  . . .     Gourm    .     b - +0 scale mail
rNeg   + . .     Faith    .     c - +0 shield
rPois  ∞         Spirit   .     (no helmet)
rElec  +         Reflect  .     (no cloak)
rCorr  .         Harm     .     (no gloves)
MR     .....                    (no boots)
Stlth  ..........               (no amulet)
                                (no ring)
                                (no ring)

@: mighty
A: negative energy resistance 1, electricity resistance, unbreathing,
petrification resistance, rot immunity, AC +4
a: Renounce Religion


You were on level 3 of the Dungeon.
You worshipped Nemelex Xobeh.
Nemelex Xobeh was noncommittal.
You were not hungry.

You visited 1 branch of the dungeon, and saw 3 of its levels.

You collected 83 gold pieces.

Inventory:

Hand Weapons
 a - a +0 flail (weapon)
Missiles
 h - 82 stones (quivered)
 i - 51 sling bullets
Armour
 b - a +0 scale mail (worn)
 c - a +0 shield (worn)
Scrolls
 k - a scroll of identify
Miscellaneous
 m - a plain deck of destruction {drawn: 2}
Comestibles
 f - 4 bread rations
 g - a beef jerky
 j - a slice of pizza
 l - a meat ration


   Skills:
 + Level 4.0 Fighting
 + Level 3.4 Maces & Flails
 + Level 0.5 Throwing
 + Level 4.1 Armour
 + Level 1.3 Dodging
 + Level 4.0 Shields


You had 4 spell levels left.
You didn't know any spells.

Dungeon Overview and Level Annotations

Branches:
Dungeon (3/15)

Altars:
Nemelex Xobeh
Okawaru
Trog


Innate Abilities, Weirdness & Mutations

You are resistant to torment.
Your stone body is resilient. (AC +4)
You are immune to poison.
You resist negative energy. (rN+)
You are resistant to electric shocks. (rElec)
You can survive without breathing.
You are immune to petrification.
You are immune to rotting.


Message History

The orc priest is heavily wounded.
You block the bat's attack.
The orc priest calls down the wrath of Beogh upon you.
You barely resist.
The orc priest invokes the aid of Beogh against you.
Beogh smites you!
The orc priest miscasts a cantrip.
You barely miss the orc priest.
The orc priest is severely wounded.
The bat hits you but does no damage. x2
The orc priest hits you but does no damage.
The orc priest begins to cast a cantrip, but forgets the words!
You thump the orc priest!
You kill the orc priest!
You feel your strength returning. You block the bat's attack.
The bat closely misses you.
The orc priest calls down the wrath of Beogh upon you.
Beogh smites you!
You die...
Your body disappears without a glow.

..#
.....##.......#...#
.........._.......#
......#.......#...
......##.....##..
.......##...##.##
........##.##...#
............b@..####
...........)o......#
....###....).......#
. .....###........#
......$ ...$######
.............#
.#.$.......###
#.........+
..."......#


You could see an orc priest and a bat.

Vanquished Creatures
  An orc priest (D:3)
  Natasha (thrice) (D:2)
  An adder (D:2)
  2 oozes (D:2)
  2 dart slugs (D:1)
  A leopard gecko (D:2)
  An orc (D:2)
  2 bats
  3 giant cockroaches (D:2)
  3 goblins
  7 hobgoblins
  4 jackals (D:2)
  11 kobolds
  A quokka (D:2)
  2 frilled lizards
  5 rats
49 creatures vanquished.

Notes
Turn   | Place    | Note
-------+----------+-------------------------------------------
     0 | D:1      | HAWKINGL3623 the Gargoyle Fighter began the quest for the Orb.
     0 | D:1      | Reached XP level 1. HP: 14/14 MP: 1/1
   273 | D:1      | Reached XP level 2. HP: 19/19 MP: 2/2
   829 | D:2      | Reached XP level 3. HP: 23/23 MP: 3/3
   834 | D:2      | Noticed Natasha
   844 | D:2      | Killed Natasha
   964 | D:2      | Found a sparkling altar of Nemelex Xobeh.
   970 | D:2      | Became a worshipper of Nemelex Xobeh the Trickster
  1040 | D:2      | Found an iron altar of Okawaru.
  1058 | D:2      | Reached XP level 4. HP: 29/29 MP: 4/4
  1077 | D:2      | Received a gift from Nemelex Xobeh
  1637 | D:2      | Noticed Natasha
  1655 | D:2      | Killed Natasha
  1655 | D:2      | Reached XP level 5. HP: 30/33 MP: 5/5
  1739 | D:2      | Noticed Natasha
  1771 | D:2      | Killed Natasha
  1771 | D:2      | Reached skill level 1 in Dodging
  1938 | D:3      | Found a bloodstained altar of Trog.
  1955 | D:3      | Killed from afar by an orc priest

Skill      XL: |  1  2  3  4  5 |
---------------+----------------+-----
Shields        | 4 |  4.0
Fighting       | 4 |  4.0
Maces & Flails | 3 |  3.4
Armour         | 4 |  4.1
Dodging        | 1 |  1.3
Throwing       | |  0.5

Action                   |  1- 3 |  4- 6 || total
-------------------------+-------+-------++-------
Melee: Flail             |   113 |   127 ||   240
Throw: Stone             |    14 |    18 ||    32
Evoke: Deck              |       |     2 ||     2
  Use: Potion            |     4 |     2 ||     6
       Scroll            |     1 |     2 ||     3
  Eat: Chunk             |     1 |     3 ||     4
Armor: Scale mail        |    56 |    83 ||   139
Dodge: Dodged            |    29 |    46 ||    75
Block: Shield            |    48 |    82 ||   130
